 Dungeon Crawl Stone Soup version 0.31-a0-204-g7da18cac08 (webtiles) character file.

Game seed: 14355616799730231995

56 AlmostDecent the Trooper (level 3, 0/20 HPs)
             Began as a Vine Stalker Fighter on June 28, 2023.
             Slain by Natasha (3 damage)
             ... on level 2 of the Dungeon.
             The game lasted 00:04:00 (1449 turns).

AlmostDecent the Trooper (Vine Stalker Fighter)     Turns: 1449, Time: 00:04:00

Health: 0/20       AC:  7    Str: 20    XL:     3   Next: 97%
Magic:  0/4        EV:  9    Int:  8    God:
Gold:   121        SH:  4    Dex: 13    Spells: 2/2 levels left

rFire   . . .        a - +0 war axe
rCold   . . .        c - +0 buckler
rNeg    . . .        b - +0 scale mail
rPois   .            (no helmet)
rElec   .            (no cloak)
rCorr   .            (no gloves)
SInv    .            h - +0 pair of boots
Will    .....        (no amulet) Stlth
                     (no ring)
HPRegen 0.23/turn    (no ring)
MPRegen 0.09/turn

%: guardian spirit
@: mighty
A: fangs 2, magic shield, antimagic bite, no potion heal 2
a: no special abilities


You were on level 2 of the Dungeon.
You visited 1 branch of the dungeon, and saw 3 of its levels.

You collected 121 gold pieces.

Inventory:

Hand Weapons
 a - a +0 war axe (weapon)
Armour
 b - a +0 scale mail (worn)
 c - a +0 buckler (worn)
 h - a +0 pair of boots (worn)
Scrolls
 e - 3 scrolls of identify {unknown}
 f - a scroll of teleportation {unknown}
 i - a scroll of poison {unknown}
Potions
 g - a potion of enlightenment {unknown}


   Skills:
 + Level 3.1 Fighting
 * Level 2.5 Axes
 + Level 2.8 Armour
 + Level 0.2 Dodging
 + Level 3.0 Shields


You had 2 spell levels left.
You didn't know any spells.
Your spell library contained the following spells:

 Spells                   Type           Power      Damage    Failure   Level
 Shock                    Conj/Air       0%         1d3       83%         1
 Swiftness                Air            0%         N/A       99%         3
 Airstrike                Air            0%         2d(0-16)  100%        4


Dungeon Overview and Level Annotations

Branches:
Dungeon (3/15)

Altars:

Annotations:
D:2 Natasha


Innate Abilities, Weirdness & Mutations

You have extremely sharp teeth.
When hurt, damage is shared between your health and your magic reserves.
Your bite disrupts and absorbs the magic of your enemies.
Potions cannot restore your health.


Message History

The kobold hits you but does no damage.
You barely miss the kobold. The kobold hits you but does no damage.
You slash the kobold!
You kill the kobold!
No target in view!
No target in view!
You see here a +0 short sword.
Found 2 silver boomerangs.
You see here 2 silver boomerangs.
You now have 121 gold pieces (gained 9).
You see here a +0 spear.
You see here a bat skeleton.
Natasha, Servant of Life and Death comes into view.
Natasha hisses angrily.
Natasha mumbles some strange words.
You feel disoriented. You block Natasha's attack.
You barely miss Natasha. Your bite misses Natasha. Natasha claws you.
You barely miss Natasha. Your bite misses Natasha. Natasha claws you!
Natasha claws you but does no damage.
You miss Natasha. Natasha misses you.
You miss Natasha. Your bite misses Natasha. Natasha misses you.
You feel very mighty all of a sudden.
Natasha stares at you and mumbles some strange words.
The magic dart hits you!
* * * LOW HITPOINT WARNING * * *
You hit Natasha.
Natasha is moderately wounded.
Natasha claws you but does no damage. Natasha barely misses you.
You closely miss Natasha. Your bite misses Natasha.
Natasha is moderately wounded.
Natasha casts a spell.
You closely miss Natasha.
Natasha is moderately wounded.
Natasha claws you.
* * * LOW HITPOINT WARNING * * *
The cerulean imp hits you from afar with a +0 spear.
* * * LOW HITPOINT WARNING * * *
Natasha claws you.
You die...

### #.# ..# ### #.# #.. #.#
#.# #.#####.####### #.#
#.............#.# #.#
#..####@#####.#.# #.# #..#
#h#####.#.#
######.###..####5#.....#.#
.....(........ ..#.#####.#
######.###..######.# #.#.#
.#.......#.......#.# #.#.#
............#.##.#.#####.#.#
.......#.#..#.....รท......#<#
.##.####.#..####.#.......#.#


You could see Natasha and a cerulean imp (summoned).

Vanquished Creatures
  2 dart slugs
  6 ball pythons
  6 bats
  3 endoplasms (D:1)
  4 giant cockroaches
  4 goblins
  7 hobgoblins (D:1)
  A quokka (D:1)
  2 frilled lizards (D:1)
  8 kobolds
  2 rats (D:1)
45 creatures vanquished.

Notes
Turn   | Place    | Note
-------+----------+-------------------------------------------
     0 | D:1      | AlmostDecent the Vine Stalker Fighter began the quest for
                  | the Orb.
     0 | D:1      | Reached XP level 1. HP: 11/11 MP: 2/2
   159 | D:1      | Reached XP level 2. HP: 12/16 MP: 3/3
   393 | D:1      | Reached XP level 3. HP: 20/20 MP: 4/4
  1182 | D:2      | You fall into a shaft and drop 1 floor!
  1440 | D:2      | Noticed Natasha
  1449 | D:2      | Slain by Natasha

Illustrated notes

Levels and vault maps discovered:
D:1:      dpeg_arrival_morbid_curiosity, layout_basic
D:2:      layout_basic, uniq_natasha, uniq_sigmund
D:3:      layout_basic, minmay_hedge_maze

Skill      XL: |  1  2  3 |
---------------+----------+-----
Axes           | 2 |  2.5
Fighting       | 3 |  3.1
Shields        | 3 |  3.0
Armour         | |  2.8
Dodging        | |  0.2

Action                     || total
---------------------------++-------
  Melee: War axe           ||   108
         Bite              ||    19
    Use: Potion            ||     1
 Armour: Scale mail        ||    68
  Dodge: Dodged            ||    59
  Block: Buckler           ||    28

Table legend: (Time is in decaauts)
 A = Elapsed time spent in this place.
 B = Non-inter-level travel time spent in this place.
 C = Inter-level travel time spent in this place.
 D = Time resting spent in this place.
 E = Time spent auto-exploring this place.
 F = Levels seen in this place.
 G = Mean time per level.
                   A        B        C        D        E       F      G
               +--------+--------+--------+--------+--------+-----+--------+
         Total |   1493 |   1400 |     93 |      0 |   1082 |   3 |  497.7 |
       Dungeon |   1493 |   1400 |     93 |      0 |   1082 |   3 |  497.7 |
               +--------+--------+--------+--------+--------+-----+--------+

Top non-repeatable levels by time:
     D:1: 1049 daAuts
     D:2: 429 daAuts
     D:3: 14 daAuts
